Map: Dynasty LE

Players

ManlyManMeat

  • Race: Zerg Zerg
  • Spawn Location: 7:00

ild - Winner!

  • Race: Terran Terran
  • League: Silver
  • Spawn Location: 1:00

VOD

Have the link to the VOD?

Description

Time

  • Played on: Sept. 10, 2024, 5:29 a.m.
  • Length: 11:47
Show
View Real Time Build Order
Export as new Build Order

ManlyManMeat Zerg 

Build Orders: Hatch First 

Get SALT Encoding   

  12  0:01  Drone  
  13  0:14  Overlord  
  13  0:18  Drone  
  14  0:33  Drone x2  
  16  0:38  Drone  
  17  0:53  Hatchery  
  16  0:58  Drone  
  17  1:11  Spawning Pool  
  16  1:15  Drone, Extractor  
  16  1:25  Drone x2  
  18  1:40  Drone  
  18  1:46  Drone  
  20  1:59  Queen  
  22  2:04  Overlord  
  22  2:07  Zergling x4  
  24  2:14  Drone  
  25  2:25  Queen  
  25  2:29  Drone x3  
  30  2:44  Drone x2  
  32  2:46  Queen, Overlord  
  34  2:54  Drone  
  34  3:09  Drone x3  
  37  3:18  Drone x4  
  41  3:24  Overlord  
  41  3:30  Hatchery  
  41  3:32  Overlord  
  41  3:34  Drone  
  41  3:37  Metabolic Boost  
  41  3:41  Evolution Chamber  
  41  3:43  Evolution Chamber  
  40  3:48  Drone x2  
  40  3:49  Drone x2  
  40  3:50  Drone  
  40  3:53  Zergling x2, Extractor  
  40  3:54  Extractor  
  43  3:56  Drone x2  
  45  4:14  Drone x4  
  49  4:20  Extractor  
  49  4:21  Zerg Melee Weapons Level 1  
  49  4:31  Zergling x16  
  56  4:44  Drone x3  
  59  4:58  Drone  
  59  4:59  Drone x3  
  62  5:19  Overlord x3  
  62  5:20  Overlord x3  
  61  5:22  Extractor  
  61  5:23  Drone x2  
  61  5:24  Drone x3  
  61  5:26  Zerg Ground Armor Level 1  
  65  5:41  Zergling x2  
  65  5:42  Zergling x18  
  72  5:55  Drone x4  
  76  6:25  Zergling x26  
  89  6:33  Baneling Nest  
  89  6:35  Lair  
  89  6:39  Drone x4  
  92  7:09  Overlord x3  
  92  7:11  Overlord x2  
  86  7:43  Zergling x4  
  86  7:44  Zergling x32  
  104  7:54  Zerg Melee Weapons Level 2, Zerg Ground Armor Level 2  
  104  8:08  Infestation Pit  
  103  8:16  Baneling x7  
  103  8:17  Baneling x7  
  103  8:18  Baneling x5  
  72  8:48  Zergling x2  
  72  8:49  Zergling x42  
  72  8:55  Drone x3  
  88  8:56  Overlord x2  
  88  9:09  Hive  
  88  9:11  Neural Parasite  
  88  9:15  Zergling x10  
  93  9:17  Baneling x18  
  93  9:18  Baneling x6  
  81  9:37  Spore Crawler  
  81  9:38  Spore Crawler  
  67  9:40  Spore Crawler  
  67  9:41  Spore Crawler  
  67  9:42  Spore Crawler  
  62  9:46  Spore Crawler  
  62  9:51  Zergling x40  
  63  10:33  Zergling x18  
  70  10:45  Spore Crawler  
  70  10:46  Spore Crawler x4  
  70  10:48  Spore Crawler x3  
  58  10:50  Spore Crawler, Drone x3  
  58  10:52  Queen  
  58  10:53  Queen  
  58  10:59  Spore Crawler x2  
  58  11:00  Spore Crawler  
Show
View Real Time Build Order
Export as new Build Order

ild Terran - Winner!

Build Orders:  

Get SALT Encoding   

  12  0:12  Supply Depot  
  12  0:14  SCV  
  13  0:26  SCV  
  14  0:43  Barracks  
  14  0:48  SCV  
  15  1:00  SCV  
  16  1:12  SCV  
  16  1:15  Refinery  
  17  1:19  Refinery  
  17  1:24  SCV  
  18  1:30  Supply Depot  
  18  1:36  SCV  
  19  1:49  SCV  
  19  1:53  Marine  
  21  2:01  SCV, Bunker  
  22  2:11  Marine  
  22  2:13  SCV  
  24  2:23  Command Center  
  24  2:25  SCV  
  24  2:29  Marine  
  26  2:38  SCV  
  27  2:47  Marine  
  28  2:53  Factory  
  28  2:59  Orbital Command  
  28  3:19  Command Center  
  28  3:29  Engineering Bay  
  28  3:42  Starport  
  28  3:57  Marine  
  28  3:58  Bunker  
  29  4:05  Factory Tech Lab  
  29  4:15  Marine  
  30  4:30  Starport Tech Lab  
  30  4:33  Marine, Refinery  
  31  4:41  Missile Turret  
  31  4:50  Marine  
  32  4:57  Siege Tank  
  35  5:01  Missile Turret  
  35  5:05  Fusion Core  
  35  5:08  Marine  
  33  5:26  Marine  
  32  5:44  Marine  
  32  5:52  Siege Tank  
  35  5:59  Battlecruiser  
  35  6:02  Marine  
  42  6:08  SCV  
  43  6:19  Weapon Refit, Starport  
  43  6:20  SCV  
  43  6:22  SCV  
  45  6:32  SCV  
  46  6:34  SCV  
  47  6:44  SCV  
  47  6:45  Siege Tank  
  47  6:46  Barracks Tech Lab  
  51  6:56  SCV  
  51  6:57  Armory  
  51  6:59  Armory  
  52  7:03  Battlecruiser  
  52  7:05  Supply Depot  
  52  7:06  Supply Depot  
  56  7:35  Missile Turret  
  56  7:37  Missile Turret  
  56  7:46  Siege Tank, Missile Turret  
  59  7:55  Starport Tech Lab  
  59  8:18  Marine  
  60  8:30  Battlecruiser  
  66  8:36  Marine  
  60  9:02  Battlecruiser  
  66  9:50  Barracks Tech Lab  
  66  9:52  Supply Depot  
  66  9:53  Siege Tank  
  69  10:03  Battlecruiser  
  69  10:06  Battlecruiser  
  73  10:34  Supply Depot  
Tags
 
League
Silver
Matchup
TvZ
Replay Pack
ee
Spawn Locations
Cross Positions
Add a new tag
Caveats
  • Supply blocks, unpowered buildings, or Contaminate may cause inaccurate times.
  • Supply counts are checked every 10 seconds.